 Dungeon Crawl Stone Soup version 0.32-a0-913-g739538afd8 (webtiles) character file.

Game seed: 8797725754814501267

108 Heh the Slasher (level 4, -9/35 HPs)
             Began as a Coglin Berserker on Apr 8, 2024.
             Was a Priest of Trog.
             Mangled by a yak (11 damage)
             ... on level 4 of the Dungeon.
             The game lasted 00:03:49 (2258 turns).

Heh the Slasher (Coglin Berserker)                  Turns: 2258, Time: 00:03:50

Health: -9/35      AC:  5    Str: 18    XL:     4   Next: 87%
Magic:  4/4        EV: 10    Int:  6    God:    Trog [***...]
Gold:   121        SH:  0    Dex: 15    Spells: 3/3 levels left

rFire   . . .        a - +0 falchion {Somchai}
rCold   . . .        c - +0 dagger {Juhanna}
rNeg    . . .        p - +0 ring mail
rPois   .            (no helmet)
rElec   .            (no cloak)
rCorr   .            (no gloves)
SInv    .            (no boots)
Will    .....        (amulet unavailable)
Stlth   +            (ring unavailable)
HPRegen 0.25/turn    (ring unavailable)
MPRegen 0.09/turn    (no gizmo)

%: no passive effects
@: no status effects
A: off-hand wielding, slow wielding, warmup strikes, no jewellery
a: Invent Gizmo, Renounce Religion, Berserk, Trog's Hand


You were on level 4 of the Dungeon.
You worshipped Trog.
Trog was most pleased with you.
You visited 1 branch of the dungeon, and saw 4 of its levels.

You collected 121 gold pieces.

Inventory:

Hand Weapons
 a - a +0 falchion (weapon) {Somchai}
 c - a +0 dagger (offhand) {Juhanna}
Missiles
 l - 3 silver javelins (quivered)
 n - 3 boomerangs
 o - 4 poisoned darts
Armour
 b - a +0 animal skin
 d - a +0 scale mail
 e - a +0 chain mail
 p - a +0 ring mail (worn)
Wands
 s - a wand of charming (10)
Scrolls
 f - a scroll of vulnerability {unknown}
 h - 3 scrolls of identify {unknown}
 i - a scroll of enchant weapon {unknown}
 j - a scroll of teleportation {unknown}
 k - a scroll of enchant armour {unknown}
 m - a scroll of amnesia {unknown}
 q - a scroll of fog {unknown}
 u - a scroll of immolation {unknown}
Potions
 g - 3 potions of curing {unknown}
 r - a potion of heal wounds {unknown}
 t - a potion of might {unknown}


   Skills:
 - Level 3.0 Fighting
 + Level 5.4 Long Blades
 - Level 1.7 Armour
 - Level 1.7 Dodging


You had 3 spell levels left.
You didn't know any spells.
Your spell library was empty.

Dungeon Overview and Level Annotations

Branches:
Dungeon (4/15)
 Temple: D:4-7

Altars:

Shops:
D:1 [   D:2 =


Innate Abilities, Weirdness & Mutations

You can wield a second weapon in your off-hand.
It takes a long time for you to wield or remove held weapons.
Your first few attacks do less damage.
You cannot equip rings or amulets.


Message History

The yak moves out of view.
There are monsters nearby!
There are monsters nearby! 2 yaks and an adder come into view.
The yak bellows! x2; The kobold shouts!
There is a stone staircase leading up here.
The adder barely misses you.
You climb upwards.
There is a stone staircase leading down here.
You closely miss the adder with your +0 falchion.
You hit the adder with your +0 dagger. The adder bites you but does no damage.
You barely miss the adder with your +0 dagger.
The adder is moderately wounded.
You closely miss the adder with your +0 falchion.
The adder bites you.
You hit the adder with your +0 dagger.
The adder is moderately wounded.
You hit the adder with your +0 falchion.
The adder closely misses you. The adder bites you.
You hit the adder with your +0 dagger.
The adder is severely wounded.
You hit the adder with your +0 falchion.
The adder bites you but does no damage.
You barely miss the adder with your +0 dagger.
The adder is almost dead.
You hit the adder with your +0 falchion.
You kill the adder!
Trog accepts your kill.
You see here an adder corpse.
HP restored.
Done exploring.
Done exploring.
You see here an adder corpse.
There is a stone staircase leading down, spattered with blood here.
You climb downwards.
The yak gores you! x2
There is a stone staircase leading up, spattered with blood here.
The yak gores you!
* * * LOW HITPOINT WARNING * * *
The yak gores you!
You die...

######### #.......#
########
#.#####.#####......#
#.#.#......##...@Y.#
#.#...#..†..Y..Y...#
#.#####..Y.........#
#.#...............>#
..#.###............#
.##.#...#####......#
....#.### ########
.####. .# #


You could see 4 yaks.

Vanquished Creatures
  2 adders (D:3)
  2 dart slugs (D:1)
  5 orcs (D:3)
  10 ball pythons
  5 bats
  4 endoplasms
  4 giant cockroaches
  5 goblins
  4 hobgoblins
  12 jackals
  6 kobolds
  5 quokkas
  4 frilled lizards
  4 rats
72 creatures vanquished.

Notes
Turn   | Place    | Note
-------+----------+-------------------------------------------
     0 | D:1      | Heh the Coglin Berserker began the quest for the Orb.
     0 | D:1      | Reached XP level 1. HP: 18/18 MP: 1/1
    97 | D:1      | Reached XP level 2. HP: 24/24 MP: 2/2
   313 | D:1      | Reached skill level 4 in Long Blades
   318 | D:1      | Reached XP level 3. HP: 15/29 MP: 3/3
   477 | D:1      | Found Moikiw's Antique Armour Shoppe.
   655 | D:1      | Reached ** piety under Trog
   928 | D:2      | Found Etaor's Jewellery Emporium.
  1621 | D:3      | Reached XP level 4. HP: 25/35 MP: 4/4
  1629 | D:3      | Reached skill level 5 in Long Blades
  1946 | D:3      | Reached *** piety under Trog
  2204 | D:4      | Noticed a yak
  2204 | D:4      | Noticed a yak
  2204 | D:4      | Noticed a yak
  2205 | D:4      | Noticed a yak
  2205 | D:4      | Noticed a yak
  2258 | D:4      | Mangled by a yak

Illustrated notes

Levels and vault maps discovered:
D:1:      dpeg_arrival_tiny_f, layout_loops_ring, serial_shops,
          nicolae_shop_crystal, minmay_tripent
D:2:      layout_basic, serial_shops, shop
D:3:      layout_basic, minmay_misc_feat_nine_boxes
D:4:      layout_basic, nicolae_qazlal_style_of_elements, amcnicky_altar_gilded,
          overflow_temple_1_default, serial_shops,
          nicolae_shop_temple_entry_statues_fountains,
          gammafunk_ghost_gnarly_gnolls, uniq_ijyb

Skill      XL: |  1  2  3  4 |
---------------+-------------+-----
Long Blades    | 4 5 |  5.4
Fighting       | |  3.0
Armour         | |  1.7
Dodging        | |  1.7

Action                     |  1- 3 |  4- 6 || total
---------------------------+-------+-------++-------
  Melee: Falchion          |   119 |    55 ||   174
         Dagger            |   106 |    51 ||   157
 Armour: Animal skin       |     7 |       ||     7
         Scale mail        |     5 |       ||     5
         Chain mail        |    88 |     2 ||    90
         Ring mail         |       |    38 ||    38
  Dodge: Dodged            |    48 |    34 ||    82

Table legend: (Time is in decaauts)
 A = Elapsed time spent in this place.
 B = Non-inter-level travel time spent in this place.
 C = Inter-level travel time spent in this place.
 D = Time resting spent in this place.
 E = Time spent auto-exploring this place.
 F = Levels seen in this place.
 G = Mean time per level.
                   A        B        C        D        E       F      G
               +--------+--------+--------+--------+--------+-----+--------+
         Total |   2255 |   2166 |     89 |      0 |   1713 |   4 |  563.8 |
       Dungeon |   2255 |   2166 |     89 |      0 |   1713 |   4 |  563.8 |
               +--------+--------+--------+--------+--------+-----+--------+

Top non-repeatable levels by time:
     D:1: 809 daAuts
     D:2: 783 daAuts
     D:3: 603 daAuts
     D:4: 58 daAuts
